 Dungeon Crawl Stone Soup version 0.31.0-9-g3a7656b989 (webtiles) character file.

Game seed: 6295583671448979863

72 qw the Shooter (level 4, 0/25 HPs)
             Began as a Deep Elf Hunter on Feb 3, 2024.
             Killed from afar by Sigmund (6 damage)
             ... with a puff of flame
             ... on level 3 of the Dungeon.
             The game lasted 00:00:27 (1864 turns).

qw the Shooter (Deep Elf Hunter)                    Turns: 1864, Time: 00:00:28

Health: 0/25       AC:  6    Str: 10    XL:     4   Next: 7%
Magic:  6/6        EV: 11    Int: 14    God:
Gold:   126        SH:  0    Dex: 18    Spells: 3/3 levels left

rFire   . . .        a - +0 shortbow
rCold   . . .        (shield currently unavailable)
rNeg    . . .        h - +0 ring mail
rPois   .            i - +0 helmet
rElec   .            (no cloak)
rCorr   .            (no gloves)
SInv    .            (no boots)
Will    .....        (no amulet)
Stlth   +            (no ring)
HPRegen 0.24/turn    (no ring)
MPRegen 0.10/turn

%: no passive effects
@: about to teleport
A: no striking features
a: no special abilities


You were on level 3 of the Dungeon.
You visited 1 branch of the dungeon, and saw 3 of its levels.

You collected 126 gold pieces.


   Skills:
 - Level 1.5 Fighting
 + Level 7.5 Ranged Weapons
 - Level 2.4 Dodging
 - Level 1.2 Stealth


You had 3 spell levels left.
You didn't know any spells.
Your spell library was empty.

Inventory:

Hand Weapons
 a - a +0 shortbow (weapon)
Armour
 h - a +0 ring mail (worn)
 i - a +0 helmet (worn)
Jewellery
 g - a ring of ice
Scrolls
 b - 2 scrolls of teleportation
 c - a scroll of vulnerability {unknown}

Dungeon Overview and Level Annotations

Branches:
Dungeon (3/15)

Altars:

Annotations:
D:3 Sigmund


Message History

Sigmund zaps a wand.
The puff of flame misses you.
You shoot an arrow. The arrow hits the jackal.
The jackal is heavily wounded.
You shoot an arrow. The arrow barely misses the jackal.
The jackal bites you but does no damage. x2
Sigmund barely misses you.
You shoot an arrow. The arrow hits the jackal.
You kill the jackal!
Sigmund hits you from afar with a +0 scythe.
You shoot an arrow. The arrow hits Sigmund.
Sigmund is lightly wounded.
You shoot an arrow. The arrow closely misses Sigmund.
Sigmund closely misses you.
You shoot an arrow. The arrow hits Sigmund.
Sigmund is lightly wounded.
Sigmund barely misses you.
You shoot an arrow. The arrow hits Sigmund.
Sigmund is moderately wounded.
Sigmund hits you but does no damage.
You shoot an arrow. The arrow closely misses Sigmund.
Sigmund points at you and mumbles some strange words.
The magic dart hits you.
You shoot an arrow.
The arrow hits Sigmund but does no damage.
Sigmund is moderately wounded.
Sigmund closely misses you.
You shoot an arrow.
The arrow hits Sigmund but does no damage.
Sigmund is moderately wounded.
Sigmund zaps a wand.
The puff of flame hits you.
You shoot an arrow. The arrow hits Sigmund.
Sigmund is heavily wounded.
Sigmund hits you from afar with a +0 scythe!
1863 ||| READING 3 scrolls of teleportation.
As you read the scroll of teleportation, it crumbles to dust.
You feel strangely unstable.
You shoot an arrow. The arrow barely misses Sigmund.
Sigmund zaps a wand.
The puff of flame hits you.
You die...
Sigmund begins carving another notch in his scythe.

.##......#
#.##.##.#.#
######).+...##.+
#.......+.##...+
#.......#.#.##.#
#.......# @....
#...%...###''#
#...<....##@.#
#...........##
+........####
#........#
##########


You could see Sigmund.

Vanquished Creatures
  3 adders
  A dart slug (D:1)
  An orc (D:3)
  6 endoplasms
  A giant cockroach (D:2)
  5 goblins
  4 hobgoblins
  A jackal (D:3)
  A quokka (D:1)
  2 ball pythons
  7 bats
  6 frilled lizards
  A kobold (D:2)
  3 rats
42 creatures vanquished.

Notes
Turn   | Place    | Note
-------+----------+-------------------------------------------
     0 | D:1      | qw the Deep Elf Hunter began the quest for the Orb.
     0 | D:1      | Reached XP level 1. HP: 12/12 MP: 3/3
     0 | D:1      | 0 ||| qw: Version: 0.3-a-155-g5e7d8dd
     0 | D:1      | 0 ||| qw: Game counter: 2931
     0 | D:1      | 0 ||| qw: Melee chars always use a shield: true
     0 | D:1      | 0 ||| qw: God list: Okawaru
     0 | D:1      | 0 ||| qw: Allow faded altars: false
     0 | D:1      | 0 ||| qw: Do Orc after clearing Dungeon:15 true
     0 | D:1      | 0 ||| qw: Do second Lair branch before Depths: true
     0 | D:1      | 0 ||| qw: Lair rune preference: random
     0 | D:1      | 0 ||| qw: Goals: Normal
     0 | D:1      | 0 ||| PLANNING D:1-11
   255 | D:1      | Reached skill level 6 in Ranged Weapons
   255 | D:1      | Reached XP level 2. HP: 16/16 MP: 4/4
   597 | D:1      | 597 ||| UPGRADING to +0 ring mail.
   607 | D:1      | 607 ||| DROPPING +0 leather armour.
   608 | D:1      | 608 ||| UPGRADING to +0 helmet.
   613 | D:1      | 613 ||| READING scroll labelled AROJACH YFAA.
   614 | D:1      | 614 ||| READING scroll labelled POAHAI VAISMISH.
   614 | D:1      | 614 ||| IDENTIFYING purple potion
   615 | D:1      | 615 ||| READING scroll labelled YTZEUDA GEJIFY.
   620 | D:1      | 620 ||| DROPPING scroll of butterflies.
   621 | D:1      | 621 ||| DROPPING potion of attraction.
  1051 | D:2      | Reached XP level 3. HP: 20/20 MP: 5/5
  1218 | D:2      | Reached skill level 7 in Ranged Weapons
  1763 | D:2      | 1763 ||| READING scroll of identify.
  1763 | D:2      | 1763 ||| IDENTIFYING scroll labelled TEAPSY IRPHAUCIEPN
  1764 | D:2      | 1764 ||| READING 2 scrolls labelled COS GEINGEAWU.
  1765 | D:2      | 1765 ||| READING scroll labelled HITAGA SYCU.
  1766 | D:2      | 1766 ||| READING scroll labelled QIELIW YCICKORGH.
  1767 | D:2      | 1767 ||| READING scroll labelled OMOCUD HEEL.
  1806 | D:2      | 1806 ||| DROPPING scroll of noise.
  1807 | D:2      | 1807 ||| DROPPING scroll of amnesia.
  1841 | D:3      | Reached XP level 4. HP: 25/25 MP: 6/6
  1850 | D:3      | Noticed Sigmund
  1862 | D:3      | HP: 5/25 [Sigmund/+0 scythe (7)]
  1863 | D:3      | 1863 ||| READING 3 scrolls of teleportation.
  1864 | D:3      | Killed from afar by Sigmund

Levels and vault maps discovered:
D:1:      minmay_arrival_stone_box, layout_loops_cross
D:2:      layout_basic, nicolae_twisty_statue_hallways
D:3:      layout_basic, grunt_temple_overflow_open, general_overflow_altar,
          ebering_ghost_inner_flame, hellmonk_ecumenical_altar_arch_garden,
          kennysheep_generic_room_12, uniq_ijyb, uniq_sigmund

Skill      XL: |  1  2  3 |
---------------+----------+-----
Ranged Weapons | 6 7 |  7.5
Fighting       | |  1.5
Dodging        | |  2.4
Stealth        | |  1.2

Action                     |  1- 3 |  4- 6 || total
---------------------------+-------+-------++-------
   Fire: Shortbow          |   123 |    13 ||   136
    Use: Scroll            |     8 |     1 ||     9
 Armour: Leather armour    |     6 |       ||     6
         Ring mail         |    30 |     9 ||    39
  Dodge: Dodged            |    27 |     5 ||    32

Table legend:
 A = Non-vault XP
 B = Vault XP
 C = Vault XP percentage of total XP
 D = Non-vault monster count
 E = Vault monster count
 F = Vault count percentage of total count
                 A         B        C        D         E       F
            +---------+---------+-------+---------+---------+-------
      Total |     104 |       0 |   0.0 |      42 |       0 |   0.0
            +---------+---------+-------+---------+---------+-------
        D:1 |      27 |       0 |   0.0 |      16 |       0 |   0.0
        D:2 |      59 |       0 |   0.0 |      23 |       0 |   0.0
        D:3 |      18 |       0 |   0.0 |       3 |       0 |   0.0
            +---------+---------+-------+---------+---------+-------
